AoeStats
← Megiago

Arabia

507294651Analyzed
1v1 RM · 15d ago on Sep 17, 2026· 33m 47s· 2 players
Game mode
Random Map
Map size
Tiny (2 player)
Population
200
Speed
Normal
Resources
Standard
Victory
Conquest
Starting age
Dark Age
Ending age
Imperial Age
RankedLock teamsTeams togetherTeam positionsShared explorationLock speedFull tech treeHidden civsTurbo modeCheats
Victory
Defeat
🇩🇪 Tupi · Germany
1497
+19
🇩🇴 Mongols · Dominican Republic
1556
-19
Megiago
6:15 Loom
9:41 Feudal Age
10:12 Double-Bit Axe
15:20 Fletching
24:37 Castle Age
23:21 Scale Mail Armor
23:21 Gold Mining
24:44 Forging
24:10 Champi Runner
25:36 Chain Mail Armor
26:10 Bow Saw
26:24 Squires
26:30 Champi Warrior
28:15 Horse Collar
29:26 Arson
RD | Telematico
7:32 Loom
9:47 Feudal Age
10:18 Man-at-Arms
13:20 Double-Bit Axe
18:08 Padded Archer Armor
23:00 Castle Age
21:45 Fletching
22:43 Gold Mining
23:46 Bodkin Arrow
24:09 Crossbowman
25:59 Ballistics
29:08 Bow Saw
33:06 Wheelbarrow
Connection lost

Rejoining the realm…

Still unreachable

The connection could not be restored.

Session expired

The server has moved on; the page needs a fresh start.